[ AOE2 MATCH · #505643850 ]
UnrankedShu vs Berbers
Player's team · WIN
Rival team · LOSS
[ REPLAY ANALYSIS · EXTRACTED FROM THE RECORDED GAME ]
Feudal
9:43
Castle
—
Imperial
—
| APM avg | 65.9 |
| APM peak | 98 |
| eAPM avg | 23.4 |
| Villagers / military | 45 / 29 |
Focus
⚔️ 36.2% · 🌾 63.8%
Skirmisher ×16 · Archer ×9 · Scout Cavalry ×4
Feudal
12:08
Castle
—
Imperial
—
| APM avg | 69.4 |
| APM peak | 107 |
| eAPM avg | 25.0 |
| Villagers / military | 47 / 22 |
Focus
⚔️ 38.1% · 🌾 61.9%
Skirmisher ×14 · Militia ×6 · Spearman ×2
Match map
Initial resources + every placement click. Lines = walls · curves = elevation contours. ◆ gold · ⬟ stone · ● berries · ✦ relic · ◌ wall gap
Your base· Open — unwalled flank
wisenatic's base· Open — unwalled flank
Smoothed initial terrain · ◌ = detected wall gap · hover for details
Inputs per minute
— CNZS_98T - - wisenatic
Build order — CNZS_98T
127 actions detected in the replay
| 0:00 | Create | Villager (Male) |
| 0:01 | Create | Villager (Male) |
| 0:01 | Create | Villager (Male) |
| 0:02 | Create | Villager (Male) |
| 0:02 | Build | House |
| 0:05 | Build | House |
| 1:27 | Create | Villager (Male) |
| 1:52 | Build | Mill |
| 1:59 | Create | Villager (Male) |
| 2:20 | Create | Villager (Male) |
| 2:42 | Build | House |
| 2:50 | Create | Villager (Male) |
| 3:05 | Create | Villager (Male) |
| 3:05 | Create | Villager (Male) |
| 3:33 | Create | Villager (Male) |
| 3:46 | Create | Villager (Male) |
| 3:50 | Create | Villager (Male) |
| 4:21 | Create | Villager (Male) |
| 4:33 | Create | Villager (Male) |
| 4:48 | Create | Villager (Male) |
| 5:13 | Build | Lumber Camp |
| 5:41 | Create | Villager (Male) |
| 5:46 | Research | Loom |
| 6:18 | Create | Villager (Male) |
| 6:43 | Create | Villager (Male) |
| 7:04 | Create | Villager (Male) |
| 7:27 | Research | Feudal Age |
| 7:37 | Build | Mining Camp |
| 7:55 | Build | House |
| 8:02 | Build | House |
| 8:42 | Build | Barracks |
| 8:45 | Build | Palisade Wall |
| 8:47 | Build | Palisade Wall |
| 8:54 | Build | Palisade Wall |
| 8:58 | Build | Palisade Wall |
| 9:00 | Build | Palisade Wall |
| 9:36 | Build | House |
| 9:38 | Build | House |
| 9:43 | Age | Feudal Age |
| 9:43 | Create | Villager (Male) |
| 9:49 | Build | Archery Range |
| 9:58 | Build | House |
| 10:00 | Create | Villager (Male) |
| 10:19 | Create | Villager (Male) |
| 10:22 | Research | Double-Bit Axe |
| 10:29 | Create | Archer |
| 10:34 | Create | Villager (Male) |
| 10:52 | Create | Villager (Male) |
| 11:08 | Build | Mill |
| 11:21 | Create | Archer |
| 11:35 | Build | House |
| 11:36 | Create | Villager (Male) |
| 11:40 | Create | Archer |
| 11:55 | Create | Villager (Male) |
| 12:18 | Build | Blacksmith |
| 12:19 | Create | Villager (Male) |
| 12:20 | Create | Archer |
| 12:56 | Create | Villager (Male) |
| 12:57 | Create | Archer |
| 12:59 | Build | House |
| 13:04 | Research | Fletching |
| 13:05 | Research | Fletching |
| 13:07 | Build | House |
| 13:27 | Create | Villager (Male) |
| 13:32 | Create | Archer |
| 13:45 | Build | Palisade Gate |
| 13:57 | Create | Archer |
| 13:58 | Create | Villager (Male) |
| 14:01 | Build | Lumber Camp |
| 14:03 | Build | Farm |
| 14:09 | Create | Villager (Male) |
| 14:11 | Build | Farm |
| 14:15 | Build | Farm |
| 14:28 | Build | Farm |
| 14:36 | Build | Palisade Wall |
| 14:45 | Create | Villager (Male) |
| 14:47 | Create | Skirmisher |
| 14:52 | Build | Farm |
| 15:02 | Build | House |
| 15:06 | Create | Skirmisher |
| 15:12 | Create | Villager (Male) |
| 15:18 | Build | Farm |
| 15:19 | Create | Skirmisher |
| 15:47 | Create | Villager (Male) |
| 15:56 | Create | Villager (Male) |
| 15:57 | Build | Stable |
| 15:59 | Create | Villager (Male) |
| 15:59 | Create | Skirmisher |
| 16:16 | Create | Skirmisher |
| 16:20 | Build | Farm |
| 16:23 | Create | Skirmisher |
| 16:38 | Create | Scout Cavalry |
| 16:40 | Build | Farm |
| 16:55 | Create | Villager (Male) |
| 16:58 | Build | Farm |
| 17:01 | Create | Skirmisher |
| 17:06 | Create | Scout Cavalry |
| 17:14 | Create | Skirmisher |
| 17:20 | Build | Farm |
| 17:27 | Build | Archery Range |
| 17:32 | Create | Villager (Male) |
| 17:40 | Create | Villager (Male) |
| 17:49 | Create | Skirmisher |
| 17:59 | Build | Farm |
| 18:03 | Create | Skirmisher |
| 18:05 | Create | Skirmisher |
| 18:27 | Create | Skirmisher |
| 18:27 | Create | Skirmisher |
| 18:28 | Build | Farm |
| 18:29 | Build | Farm |
| 18:44 | Create | Skirmisher |
| 18:46 | Build | Farm |
| 18:46 | Create | Villager (Male) |
| 18:55 | Create | Scout Cavalry |
| 18:59 | Create | Skirmisher |
| 18:59 | Create | Skirmisher |
| 19:01 | Create | Villager (Male) |
| 19:07 | Create | Villager (Male) |
| 19:08 | Build | Farm |
| 19:15 | Create | Scout Cavalry |
| 19:22 | Build | Farm |
| 19:30 | Build | House |
| 19:34 | Research | Horse Collar |
| 19:41 | Create | Archer |
| 19:42 | Create | Archer |
| 19:42 | Create | Villager (Male) |
| 19:54 | Create | Villager (Male) |
Build order — wisenatic
116 actions detected in the replay
| 0:00 | Create | Villager (Male) |
| 0:01 | Create | Villager (Male) |
| 0:01 | Create | Villager (Male) |
| 0:01 | Create | Villager (Male) |
| 0:02 | Build | House |
| 0:04 | Build | House |
| 1:31 | Create | Villager (Male) |
| 1:31 | Create | Villager (Male) |
| 2:02 | Create | Villager (Male) |
| 2:02 | Create | Villager (Male) |
| 2:19 | Create | Villager (Male) |
| 2:19 | Create | Villager (Male) |
| 2:47 | Create | Villager (Male) |
| 3:08 | Build | Barracks |
| 3:16 | Create | Villager (Male) |
| 3:24 | Build | House |
| 3:39 | Create | Villager (Male) |
| 4:01 | Build | House |
| 4:04 | Create | Militia |
| 4:06 | Create | Villager (Male) |
| 4:19 | Create | Militia |
| 4:51 | Create | Militia |
| 4:56 | Create | Villager (Male) |
| 4:56 | Create | Villager (Male) |
| 4:56 | Create | Villager (Male) |
| 5:23 | Create | Villager (Male) |
| 5:33 | Build | Lumber Camp |
| 6:13 | Create | Villager (Male) |
| 6:25 | Create | Villager (Male) |
| 6:44 | Create | Villager (Male) |
| 6:57 | Create | Villager (Male) |
| 6:57 | Create | Villager (Male) |
| 7:10 | Build | Mill |
| 7:31 | Build | Mill |
| 8:01 | Build | House |
| 8:05 | Create | Villager (Male) |
| 8:35 | Create | Villager (Male) |
| 8:42 | Build | Mining Camp |
| 8:52 | Create | Villager (Male) |
| 9:00 | Build | Farm |
| 9:01 | Create | Villager (Male) |
| 9:14 | Build | Farm |
| 9:21 | Research | Loom |
| 9:58 | Research | Feudal Age |
| 9:58 | Research | Feudal Age |
| 9:58 | Research | Feudal Age |
| 9:58 | Research | Feudal Age |
| 10:16 | Create | Militia |
| 10:30 | Build | House |
| 10:32 | Build | Palisade Wall |
| 10:44 | Create | Militia ×2 |
| 11:12 | Build | House |
| 11:27 | Create | Villager (Male) |
| 11:29 | Build | Farm |
| 11:46 | Build | Palisade Wall |
| 11:50 | Create | Villager (Male) |
| 12:08 | Age | Feudal Age |
| 12:14 | Build | Archery Range |
| 12:18 | Research | Double-Bit Axe |
| 12:18 | Research | Double-Bit Axe |
| 12:21 | Research | Man-at-Arms (upgrade) |
| 12:52 | Create | Villager (Male) |
| 12:55 | Create | Skirmisher |
| 12:55 | Create | Skirmisher |
| 13:03 | Build | Farm |
| 13:07 | Create | Skirmisher |
| 13:21 | Create | Villager (Male) |
| 13:22 | Create | Skirmisher |
| 13:34 | Create | Villager (Male) |
| 13:57 | Create | Skirmisher |
| 13:57 | Create | Skirmisher |
| 13:59 | Build | Farm |
| 13:59 | Create | Villager (Male) |
| 14:00 | Build | Farm |
| 14:13 | Build | Farm |
| 14:22 | Create | Villager (Male) |
| 14:39 | Build | House |
| 14:47 | Create | Villager (Male) |
| 15:04 | Build | Blacksmith |
| 15:13 | Build | House |
| 15:32 | Research | Fletching |
| 15:32 | Create | Villager (Male) |
| 15:38 | Create | Villager (Male) |
| 15:39 | Build | House |
| 15:54 | Create | Skirmisher |
| 16:07 | Create | Skirmisher |
| 16:08 | Create | Villager (Male) |
| 16:37 | Research | Padded Archer Armor |
| 16:40 | Create | Skirmisher |
| 16:41 | Create | Villager (Male) |
| 17:00 | Create | Villager (Male) |
| 17:05 | Create | Skirmisher |
| 17:05 | Create | Skirmisher |
| 17:29 | Create | Spearman |
| 17:29 | Create | Spearman |
| 17:32 | Create | Villager (Male) |
| 18:10 | Create | Villager (Male) |
| 18:26 | Create | Villager (Male) |
| 18:46 | Create | Villager (Male) |
| 18:46 | Create | Skirmisher |
| 18:58 | Build | Farm |
| 18:59 | Build | Farm |
| 19:00 | Build | Farm |
| 19:02 | Build | Farm |
| 19:05 | Build | Archery Range |
| 19:08 | Build | House |
| 19:14 | Build | Farm |
| 19:25 | Create | Villager (Male) |
| 19:26 | Build | Farm |
| 19:28 | Build | Farm |
| 19:35 | Build | House |
| 19:37 | Build | Palisade Wall |
| 19:39 | Create | Villager (Male) |
| 19:49 | Create | Skirmisher |
| 19:49 | Create | Skirmisher |
| 20:06 | Create | Villager (Male) |
Match timeline
| 3:08 | wisenatic · first_building Barracks |
| 8:42 | CNZS_98T · first_building Barracks |
| 8:45 | CNZS_98T · wall_segment Palisade Wall x1 |
| 8:47 | CNZS_98T · wall_segment Palisade Wall x1 |
| 8:54 | CNZS_98T · wall_segment Palisade Wall x1 |
| 8:58 | CNZS_98T · wall_segment Palisade Wall x1 |
| 9:00 | CNZS_98T · wall_segment Palisade Wall x1 |
| 9:43 | CNZS_98T · age_up feudal |
| 9:49 | CNZS_98T · first_building Archery Range |
| 10:32 | wisenatic · wall_segment Palisade Wall x2 |
| 11:46 | wisenatic · wall_segment Palisade Wall x3 |
| 12:08 | wisenatic · age_up feudal |
| 12:14 | wisenatic · first_building Archery Range |
| 14:36 | CNZS_98T · wall_segment Palisade Wall x11 |
| 15:57 | CNZS_98T · first_building Stable |
| 19:37 | wisenatic · wall_segment Palisade Wall x1 |
| 20:15 | wisenatic · resign |
[ AI ANALYSIS · 1 CREDIT ]
What really happened in this match?
Wolo.gg analyzes every decision: build order, eco, micro, common mistakes by bracket. Personalized analysis on WhatsApp or Discord in 30 seconds.
Civ guide
Shu
Perfil
Jugador #25365699